 Dungeon Crawl Stone Soup version 0.24-a0-160-gfa3a8d6 (webtiles) character file.

Game seed: 0

250970 tilp the Severer (level 18, -9/178 HPs)
             Began as a Grey Draconian Monk on Mar 4, 2019.
             Was an Elder of the Shining One.
             Hit by a large rock thrown by a stone giant (23 damage)
             ... on level 2 of the Vaults on Mar 5, 2019.
             The game lasted 02:25:41 (42952 turns).

tilp the Severer (Grey Draconian Monk)             Turns: 42952, Time: 02:25:42

Health: -9/178     AC: 26    Str: 23    XL:     18   Next: 92%
Magic:  29/29      EV: 19    Int: 12    God:    the Shining One [****..]
Gold:   1567       SH: 16    Dex: 21    Spells: 17/17 levels left

rFire    . . .     SeeInvis +   b - +6 battleaxe (chop)
rCold    . . .     Gourm    .   (shield currently unavailable)
rNeg     + + .     Faith    .   (armour unavailable)
rPois    +         Spirit   .   N - +2 hat
rElec    .         Reflect  +   X - +2 cloak {rPois}
rCorr    .         Harm     .   W - +2 pair of gloves
MR       +....                  d - +2 pair of boots
Stlth    +.........             n - +4 amulet of reflection
HPRegen  0.39/turn              g - ring "Arylyika" {+Blink Dex+7 SInv Stlth-}
MPRegen  0.21/turn              x - +3 ring of strength

@: divine shield, marked, very slightly contaminated, glowing
A: walk through water, unfitting armour, unbreathing, cold-blooded, AC +15
}: 2/15 runes: decaying, gossamer
a: Divine Shield, Cleansing Flame, Renounce Religion, Evoke Blink


You were on level 2 of the Vaults.
You worshipped the Shining One.
The Shining One was greatly pleased with you.
You were very hungry.

You visited 6 branches of the dungeon, and saw 33 of its levels.
You visited the Abyss 1 time.
You visited 2 bazaars.
You also visited: Gauntlet and Ice Cave.

You collected 3803 gold pieces.
You spent 2236 gold pieces at shops.

Inventory:

Hand Weapons
 a - a +0 battleaxe of flaming
 b - a +6 battleaxe of chopping (weapon)
Missiles
 F - a throwing net
 Y - 17 javelins of returning (quivered)
Armour
 d - a +2 pair of boots (worn)
 m - a +0 large shield
 N - a +2 hat (worn)
 W - a +2 pair of gloves (worn)
 X - a +2 cloak of poison resistance (worn)
Jewellery
 g - the ring "Arylyika" (left hand) {+Blink Dex+7 SInv Stlth-}
   (You found it on level 1 of the Vaults)

   [ring of see invisible]

   It affects your dexterity (+7).
   It lets you see invisible.
   It lets you blink.
   It makes you less stealthy.
 h - an uncursed ring of protection from fire
 i - an uncursed ring of flight
 n - a +4 amulet of reflection (around neck)
 x - a +3 ring of strength (right hand)
 G - an uncursed ring of protection from cold
 V - an uncursed ring of resist corrosion
Wands
 r - a wand of paralysis (22)
 y - a wand of enslavement (12)
 z - a wand of acid (24)
 L - a wand of scattershot (9)
 Q - a wand of digging (5)
 T - a wand of polymorph (22)
Scrolls
 c - a scroll of brand weapon
 k - 12 scrolls of identify
 p - a scroll of summoning
 t - 2 scrolls of fear
 w - 25 scrolls of remove curse
 D - 2 scrolls of silence
 H - 4 scrolls of enchant armour
 P - 3 scrolls of fog
 R - 5 scrolls of enchant weapon
 S - 8 scrolls of teleportation
Potions
 f - 4 potions of ambrosia
 j - 2 potions of magic
 l - 7 potions of curing
 q - 2 potions of might
 s - 6 potions of agility
 v - 4 potions of mutation
 A - 2 potions of berserk rage
 B - 6 potions of brilliance
 C - 7 potions of lignification
 I - 2 potions of resistance
 U - 4 potions of haste
Miscellaneous
 e - a lightning rod (4/4)
 u - 2 phantom mirrors
 J - a sack of spiders
Comestibles
 M - 50 rations


   Skills:
 + Level 19.8 Fighting
 - Level 20.0 Axes
 - Level 6.0 Throwing
 - Level 8.0 Dodging
 - Level 4.0 Stealth
 - Level 4.0 Shields
 - Level 15.0 Invocations
 - Level 10.0 Evocations


You had 17 spell levels left.
You didn't know any spells.
Your spell library contained the following spells:

 Spells                   Type           Power        Failure   Level  Hunger
 Beastly Appendage        Tmut           #.....       32%         1    ##.....
 Confusing Touch          Hex            #.....       32%         1    ##.....
 Corona                   Hex            #......      32%         1    ##.....
 Freeze                   Ice            #...         32%         1    ##.....
 Magic Dart               Conj           #...         32%         1    ##.....
 Blink                    Tloc           N/A          45%         2    ###....
 Call Imp                 Summ           #.......     45%         2    ###....
 Corpse Rot               Necr           N/A          45%         2    ###....
 Poisonous Vapours        Pois/Air       #.....       45%         2    ###....
 Searing Ray              Conj           #.....       45%         2    ###....
 Slow                     Hex            #.......     45%         2    ###....
 Sticks to Snakes         Tmut           #.......     45%         2    ###....
 Sublimation of Blood     Necr           #.........   45%         2    ###....
 Throw Frost              Conj/Ice       #.....       45%         2    ###....
 Confuse                  Hex            #.......     69%         3    ####...
 Conjure Flame            Conj/Fire      #.......     69%         3    ####...
 Dazzling Spray           Conj/Hex       #.....       69%         3    ####...
 Gell's Gravitas          Tloc           #.........   69%         3    ####...
 Inner Flame              Hex/Fire       #.......     69%         3    ####...
 Mephitic Cloud           Conj/Pois/Air  #.......     69%         3    ####...
 Ozocubu's Armour         Chrm/Ice       #.......     69%         3    ####...
 Portal Projectile        Hex/Tloc       #.....       69%         3    ####...
 Recall                   Summ/Tloc      N/A          69%         3    ####...
 Spider Form              Tmut/Pois      #.........   69%         3    ####...
 Cause Fear               Hex            #.........   97%         4    #####..
 Force Lance              Conj/Tloc      #.......     97%         4    #####..
 Fulminant Prism          Conj/Hex       #.........   97%         4    #####..
 Ice Form                 Ice/Tmut       #.......     97%         4    #####..
 Iskenderun's Mystic Bla  Conj           #.......     97%         4    #####..
 Leda's Liquefaction      Hex/Erth       #.........   97%         4    #####..
 Petrify                  Tmut/Erth      #.......     97%         4    #####..
 Summon Ice Beast         Ice/Summ       #.......     97%         4    #####..
 Throw Icicle             Conj/Ice       #.......     97%         4    #####..
 Agony                    Necr           #.......     100%        5    ######.
 Aura of Abjuration       Summ           #.........   100%        5    ######.
 Blade Hands              Tmut           #.........   100%        5    ######.
 Bolt of Draining         Conj/Necr      #.........   100%        5    ######.
 Dispel Undead            Necr           #.......     100%        5    ######.
 Excruciating Wounds      Chrm/Necr      #.........   100%        5    ######.
 Metabolic Englaciation   Hex/Ice        #.........   100%        5    ######.
 Summon Demon             Summ           #.........   100%        5    ######.
 Summon Forest            Summ/Tloc      #.........   100%        5    ######.
 Summon Mana Viper        Hex/Summ       #.......     100%        5    ######.
 Yara's Violent Unravell  Hex/Tmut       #.........   100%        5    ######.
 Bolt of Cold             Conj/Ice       #.........   100%        6    #######
 Freezing Cloud           Conj/Ice/Air   #.........   100%        6    #######
 Ozocubu's Refrigeration  Ice            #.........   100%        6    #######
 Shadow Creatures         Summ           N/A          100%        6    #######
 Simulacrum               Ice/Necr       #.........   100%        6    #######
 Ring of Flames           Chrm/Fire      #.........   100%        7    #######


Dungeon Overview and Level Annotations

Branches:
Dungeon (15/15)            Temple (0/1) D:5            Lair (6/6) D:9
  Swamp (4/4) Lair:3       Spider (4/4) Lair:4        Slime (0/5) Lair:5
    Orc (2/2) D:11            Elf (0/3) Orc:2        Vaults (2/5) D:13
 Depths (0/5) D:15
  Crypt: Vaults:2-3

Altars:
Dithmenos
Makhleb
Yredelemnul
The Shining One

Shops:
D:4 ?   D:8 *   D:12 (   Orc:2 *}=

Annotations:
Lair:4 exclusion: 4 oklob plants
Vaults:1 2 runed translucent doors, Norchuf's ghost, adept MiFi


Innate Abilities, Weirdness & Mutations

You can walk through water.
Your dull iron-grey scales are very hard. (AC +15)
You cannot fit into any form of body armour.
You can survive without breathing.
You are cold-blooded and may be slowed by cold attacks.


Message History

You hit the vault sentinel.
The vault sentinel is severely wounded.
You hit the stone giant.
You feel yourself speed up.
The vault sentinel points at you and mumbles some strange words.
The mark upon you grows brighter. The stone giant hits you!!
* * * LOW HITPOINT WARNING * * *
Unknown command.
You barely miss the vault sentinel.
Your tail-slap misses the vault sentinel.
The vault sentinel is severely wounded.
You completely miss the stone giant.
The vault sentinel blows a loud note on a signal horn!
Unknown command.
Blink to where?
Press: ? - help, Dir - move target cursor You are very lightly contaminated with residual magic.
As you read the scroll of blinking, it crumbles to dust.
The stone giant throws a large rock.
The large rock hits you!!
You die...

##.....
##.(.....
##........
#.....#
##)ยง.# #.)pC#
#..(## #...#
#..@## #....#
. ##...### ...
#.....###.....
##..<........#
##.........##
###.....###
#'##+## ...


You could see a stone giant and a vault sentinel.

Vanquished Creatures
  Bai Suzhen (Spider:3)
  Asterion (Spider:2)
  A tentacled starspawn (Abyss:2)
  A thorn hunter (Swamp:4)
  An ancient champion (Vaults:2)
  Kirke (D:14)
  Donald (Spider:3)
  A fire giant (Vaults:1)
  A deep elf sorcerer (Vaults:1)
  4 vault wardens (Vaults:1)
  3 ghost moths (Spider:4)
  An orc warlord (Orc:2)
  4 emperor scorpions
  5 ironheart preservers (Vaults:1)
  A very ugly thing (Vaults:1)
  A minotaur (Gauntlet)
  3 spark wasps
  Snorg (Orc:1)
  A death ooze (Gauntlet)
  3 ice dragons
  2 vault guards
  2 shambling mangroves (Swamp:4)
  20 hydras
  3 catoblepae (Lair:6)
  2 centaur warriors
  A death knight (D:11)
  15 alligators
  2 ghost crabs
  5 death yaks (Lair:6)
  3 ogre magi (Vaults:1)
  19 two-headed ogres
  A deep troll shaman (Vaults:1)
  Urug (D:11)
  A thrashing horror (Abyss:2)
  A sun demon (Abyss:2)
  3 deep elf knights (Vaults:1)
  A skeletal warrior (D:11)
  3 deep trolls (Vaults:1)
  2 spriggan druids
  2 wizards (D:13)
  A deep elf archer (Vaults:1)
  7 swamp dragons
  2 unseen horrors
  3 necromancers
  6 ironbrand convokers
  3 orc knights
  2 deep elf magi
  9 orb spiders
  4 cyclopes
  17 ugly things
  3 moths of wrath
  32 wolf spiders
  4 manticores
  2 ice statues
  5 vault sentinels
  Maurice (D:9)
  7 elephants
  2 smoke demons (Abyss:2)
  2 gargoyles (D:14)
  A black mamba (Lair:2)
  24 spiny frogs
  A guardian serpent (D:9)
  An eye of devastation (Lair:5)
  4 rime drakes
  A rime drake (shapeshifter) (D:15)
  A kobold demonologist (D:15)
  10 komodo dragons
  11 demonic crawlers
  21 yaktaurs
  An efreet (D:13)
  2 ice devils (Lair:4)
  14 freezing wraiths
  An ancient zyme (Abyss:2)
  25 jumping spiders
  A queen bee (Lair:3)
  6 trolls
  3 polar bears
  23 hornets
  6 tyrant leeches
  3 raiju (Abyss:2)
  8 slime creatures
  A dream sheep (Lair:4)
  A hippogriff (shapeshifter) (Vaults:1)
  13 hippogriffs
  A large abomination (Abyss:2)
  9 blink frogs
  6 bog bodies
  A meliai zombie (D:10)
  Sigmund (D:6)
  4 shadows
  A vampire (D:15)
  85 redbacks
  6 spriggans
  5 wraiths
  A yak (shapeshifter) (Vaults:1)
  41 yaks
  5 wyverns
  A basilisk (Lair:4)
  A steam dragon (Lair:3)
  19 tarantellas
  7 hogs
  A hog (shapeshifter) (D:15)
  2 death yak simulacra (IceCv)
  A hungry ghost (D:12)
  21 humans
  26 vampire mosquitoes
  15 swamp worms
  11 insubstantial wisps
  2 wargs
  3 acid dragons
  11 water moccasins
  14 porcupines
  A black bear (shapeshifter) (Vaults:1)
  7 sky beasts
  23 orc warriors
  3 swamp drakes (Swamp:4)
  A necrophage (D:14)
  6 ice beasts (IceCv)
  4 black bears
  A phantom (D:12)
  10 wolves
  2 eyes of draining
  4 boggarts (Vaults:1)
  16 ogres
  6 centaurs
  12 crocodiles
  Blork the orc (D:6)
  5 big kobolds
  16 bullfrogs
  A wyvern skeleton (D:7)
  A water moccasin zombie (D:7)
  4 scorpions
  44 killer bees
  An electric eel (Spider:1)
  A howler monkey (D:10)
  14 wights
  5 crimson imps
  A yaktaur simulacrum (Vaults:1)
  A bullfrog zombie (D:12)
  5 centaur zombies
  3 jellies
  4 centaur skeletons
  11 orc priests
  3 bullfrog skeletons
  9 draconian simulacra (IceCv)
  6 hounds
  13 orc wizards
  Terence (D:2)
  19 worker ants
  5 iguanas
  2 polar bear simulacra (IceCv)
  A spriggan simulacrum (IceCv)
  5 troll simulacra (IceCv)
  2 centaur simulacra (IceCv)
  A hound skeleton (D:8)
  4 gnolls (D:6)
  14 adders
  2 naga simulacra (IceCv)
  An ogre simulacrum (IceCv)
  5 shadow imps
  12 white imps (IceCv)
  An ooze (D:4)
  3 worms
  5 dart slugs
  7 leopard geckos
  55 orcs
  5 giant cockroaches
  11 goblins
  10 hobgoblins
  16 jackals
  33 kobolds
  9 quokkas
  A ball python (D:2)
  5 bats
  9 frilled lizards
  4 rats
  2 briar patches (Swamp:4)
  4 fungi
  A lurking horror (Abyss:2)
  4 plants
  A starspawn tentacle (Abyss:2)
1226 creatures vanquished.

Vanquished Creatures (collateral kills)
  Saint Roka (Orc:2)
  Arachne (Spider:3)
  Rupert (Orc:2)
  A tentacled starspawn (Abyss:2)
  A thorn hunter (Swamp:4)
  Louise (Swamp:4)
  A deep elf death mage (Vaults:1)
  3 hydras
  A centaur warrior (Orc:2)
  An alligator (Swamp:4)
  3 thrashing horrors (Abyss:2)
  A spriggan berserker (Swamp:4)
  A wretched star (Abyss:2)
  A spriggan druid (Swamp:4)
  3 swamp dragons (Swamp:4)
  A large abomination (Abyss:2)
  2 orc knights (Orc:2)
  An orb spider (Spider:3)
  3 wolf spiders (Spider:3)
  An orc sorcerer (Orc:2)
  A spiny frog (Swamp:4)
  A demonic crawler (Spider:4)
  An ancient zyme (Abyss:2)
  2 jumping spiders
  A tyrant leech (Swamp:4)
  A hornet (Swamp:4)
  A bog body (Swamp:4)
  2 raiju (Abyss:2)
  5 redbacks
  3 tarantellas
  A ynoxinul (Abyss:2)
  A neqoxec (Abyss:2)
  2 insubstantial wisps (Swamp:4)
  4 swamp drakes (Swamp:4)
  8 orc warriors (Orc:2)
  An ogre (Orc:2)
  3 centaurs (Orc:2)
  8 orcs (Orc:2)
  A briar patch (Swamp:4)
  A lurking horror (Abyss:2)
  2 starspawn tentacles (Abyss:2)
79 creatures vanquished.

Vanquished Creatures (others)
  A spiny frog (Swamp:2)
  4 orc warriors (Orc:2)
  2 centaurs (Orc:2)
  A boggart (Vaults:1)
  3 orc wizards (Orc:2)
  An orc (Orc:2)
  A briar patch (Swamp:4)
  8 fungi
  7 plants
  3 starspawn tentacles (Abyss:2)
31 creatures vanquished.

Grand Total: 1336 creatures vanquished

Notes
Turn   | Place    | Note
-------+----------+-------------------------------------------
     0 | D:1      | tilp the Draconian Monk began the quest for the Orb.
     0 | D:1      | Reached XP level 1. HP: 19/19 MP: 1/1
   181 | D:1      | Reached XP level 2. HP: 17/26 MP: 2/2
   363 | D:1      | Found a glowing golden altar of the Shining One.
   396 | D:1      | Became a worshipper of the Shining One
   396 | D:1      | Reached * piety under the Shining One
   396 | D:1      | Reached ** piety under the Shining One
   753 | D:1      | Reached skill level 4 in Axes
  1006 | D:2      | Reached XP level 3. HP: 31/31 MP: 3/3
  1123 | D:2      | Found a shadowy altar of Dithmenos.
  1237 | D:2      | Noticed Terence
  1328 | D:2      | Reached XP level 4. HP: 34/38 MP: 4/4
  1356 | D:2      | Reached skill level 5 in Axes
  1798 | D:3      | Reached *** piety under the Shining One
  2022 | D:3      | Reached XP level 5. HP: 42/45 MP: 5/5
  2168 | D:3      | Found a basalt altar of Yredelemnul.
  2185 | D:3      | Reached skill level 6 in Axes
  2538 | D:2      | Killed Terence
  2885 | D:4      | Noticed an ogre
  2891 | D:4      | Killed an ogre
  2891 | D:4      | Reached skill level 7 in Axes
  2891 | D:4      | Reached XP level 6. HP: 17/51 MP: 6/6
  3344 | D:4      | Found Kena's Magic Scroll Boutique.
  3352 | D:4      | Bought a scroll of identify for 24 gold pieces
  3352 | D:4      | Bought a scroll of identify for 24 gold pieces
  3352 | D:4      | Bought a scroll of identify for 24 gold pieces
  3612 | D:5      | Entered Level 5 of the Dungeon
  3719 | D:5      | Reached skill level 8 in Axes
  3719 | D:5      | Your scales start taking on a dull iron-grey colour.
  3719 | D:5      | Reached XP level 7. HP: 57/57 MP: 7/7
  3719 | D:5      | Gained mutation: You can survive without breathing. [Grey
                  | Draconian growth]
  3899 | D:5      | Found a staircase to the Ecumenical Temple.
  4416 | D:6      | Reached skill level 9 in Axes
  4433 | D:6      | Found a burning altar of Makhleb.
  4591 | D:6      | Noticed Blork the orc
  4598 | D:6      | Killed Blork the orc
  4598 | D:6      | Reached XP level 8. HP: 63/63 MP: 8/8
  4805 | D:6      | Noticed Sigmund
  4814 | D:6      | Killed Sigmund
  4814 | D:6      | Reached skill level 10 in Axes
  5217 | D:7      | Reached skill level 11 in Axes
  5248 | D:7      | Reached **** piety under the Shining One
  5491 | D:7      | Reached XP level 9. HP: 56/70 MP: 9/9
  5495 | D:7      | Reached skill level 12 in Axes
  5808 | D:8      | Noticed a two-headed ogre
  5814 | D:8      | Killed a two-headed ogre
  5816 | D:8      | Noticed a two-headed ogre
  5824 | D:8      | Killed a two-headed ogre
  5824 | D:8      | Reached skill level 13 in Axes
  5892 | D:8      | You fall through a shaft for 2 floors!
  5892 | D:10     | Entered Level 10 of the Dungeon
  5907 | D:10     | Reached skill level 14 in Axes
  5910 | D:10     | Noticed a two-headed ogre
  5911 | D:10     | Reached XP level 10. HP: 55/77 MP: 10/10
  5918 | D:10     | Killed a two-headed ogre
  6113 | D:10     | Got an ichor-stained great sword
  6209 | D:10     | Identified the +8 trident "Hydra's Demise" {pierce, SInv}
  6276 | D:10     | Reached skill level 15 in Axes
  6434 | D:9      | Noticed a guardian serpent
  6446 | D:9      | HP: 2/77 [guardian serpent (9)]
  6448 | D:9      | Killed a guardian serpent
  6806 | D:8      | Found Zeezic's Assorted Antiques.
  6922 | D:8      | Reached skill level 16 in Axes
  7180 | D:8      | Reached ***** piety under the Shining One
  7393 | D:8      | Reached XP level 11. HP: 58/85 MP: 11/11
  7502 | D:9      | Reached skill level 5 in Fighting
  7526 | D:9      | Found a staircase to the Lair.
  7586 | D:9      | Noticed Maurice
  7600 | D:9      | Identified the +5 scimitar of the Ass {elec, rF+ rC+ Str+4}
  7607 | D:9      | Killed Maurice
  7607 | D:9      | Reached skill level 1 in Shields
  8506 | D:11     | Noticed a two-headed ogre
  8510 | D:11     | Killed a two-headed ogre
  8810 | D:11     | Noticed a two-headed ogre
  8825 | D:11     | Killed a two-headed ogre
  9186 | D:11     | Reached skill level 1 in Invocations
  9187 | D:11     | Reached skill level 1 in Evocations
  9216 | D:11     | Noticed a death knight
  9216 | D:11     | Noticed a skeletal warrior
  9267 | D:11     | Noticed a five-headed hydra
  9621 | Lair:1   | Entered Level 1 of the Lair of Beasts
  9621 | Lair:1   | Noticed a seven-headed hydra
  9633 | Lair:1   | Killed a seven-headed hydra
  9952 | Lair:1   | Identified the +4 great sword "Masoib" {flame, +Fly rPois
                  | MR+++ Int-4} (You found it on level 10 of the Dungeon)
 10022 | Lair:1   | Reached XP level 12. HP: 57/101 MP: 15/15
 10717 | Lair:2   | Reached skill level 5 in Invocations
 11394 | Lair:3   | Noticed a four-headed hydra
 11409 | Lair:3   | Killed a one-headed hydra
 11409 | Lair:3   | Reached skill level 10 in Fighting
 11548 | Lair:3   | Found a staircase to the Swamp.
 11624 | Lair:3   | Reached skill level 5 in Evocations
 11944 | Lair:3   | Reached XP level 13. HP: 69/113 MP: 20/20
 11978 | Lair:3   | Reached skill level 10 in Invocations
 13105 | Lair:4   | Found a hole to the Spider Nest.
 13287 | Lair:4   | Found a frozen archway.
 13310 | IceCv    | Entered an ice cave
 13319 | IceCv    | Reached ****** piety under the Shining One
 13820 | IceCv    | Reached skill level 5 in Dodging
 13847 | IceCv    | Found an ancient bone altar of Kikubaaqudgha.
 14523 | Lair:5   | Noticed Nessos
 14524 | Lair:5   | Noticed Nessos
 14524 | Lair:5   | Nessos changed into Nessos the spark wasp
 14531 | Lair:5   | Killed Nessos the spark wasp
 14903 | Lair:5   | Found a staircase to the Slime Pits.
 15561 | Lair:6   | Entered Level 6 of the Lair of Beasts
 16318 | Lair:6   | Reached XP level 14. HP: 107/127 MP: 23/23
 17243 | D:11     | Found a staircase to the Orcish Mines.
 17474 | D:11     | Noticed Urug
 17491 | D:11     | Killed Urug
 17852 | D:12     | Found Lenebue's Weapon Shoppe.
 17860 | D:12     | Bought a +6 battleaxe of chopping for 625 gold pieces
 18376 | D:13     | Reached skill level 15 in Fighting
 18589 | D:13     | Found a gate to the Vaults.
 18664 | D:13     | Found a gate leading to a gauntlet.
 18699 | Gauntlet | Entered a Gauntlet
 18699 | Gauntlet | Found a transporter.
 18699 | Gauntlet | Found a transporter.
 18718 | Gauntlet | Found a transporter.
 18721 | Gauntlet | Found a transporter.
 18730 | Gauntlet | Found a transporter.
 18733 | Gauntlet | Found a transporter.
 18741 | Gauntlet | Found a transporter.
 18757 | Gauntlet | Found a transporter.
 18771 | Gauntlet | Found a transporter.
 18775 | Gauntlet | Found a transporter.
 18788 | Gauntlet | Found a transporter.
 18789 | Gauntlet | Found a transporter.
 18926 | Gauntlet | Reached skill level 17 in Axes
 19092 | Gauntlet | Found the +10 zealot's sword {holy, *Rage rN+ EV+3}
 19093 | Gauntlet | Got an encrusted long sword
 19923 | D:14     | Reached XP level 15. HP: 141/141 MP: 24/24
 19960 | D:14     | Found a flickering gateway to a bazaar.
 19969 | D:14     | Noticed Kirke
 19980 | D:14     | Noticed a sphinx
 19985 | D:14     | Killed Kirke
 20021 | Bazaar   | Entered a bazaar
 20034 | Bazaar   | Found Zaxos's Magic Scroll Emporium.
 20034 | Bazaar   | Found Tyidilan's Food Emporium.
 20070 | Bazaar   | Found Woeschic's Antique Weapon Shoppe.
 20070 | Bazaar   | Found Cuog Iwu's Armour Shoppe.
 20076 | Bazaar   | Bought a broad axe for 56 gold pieces
 20088 | Bazaar   | Bought a +2 cloak of poison resistance for 240 gold pieces
 20118 | Bazaar   | Bought a scroll of identify for 24 gold pieces
 20118 | Bazaar   | Bought a scroll of remove curse for 36 gold pieces
 20118 | Bazaar   | Bought 2 scrolls of identify for 48 gold pieces
 20118 | Bazaar   | Bought a scroll of enchant armour for 90 gold pieces
 20118 | Bazaar   | Bought a scroll of remove curse for 36 gold pieces
 20118 | Bazaar   | Bought a scroll of identify for 24 gold pieces
 20118 | Bazaar   | Bought a scroll of teleportation for 36 gold pieces
 20118 | Bazaar   | Bought a scroll of identify for 24 gold pieces
 20118 | Bazaar   | Bought a scroll of amnesia for 42 gold pieces
 20118 | Bazaar   | Bought a scroll of immolation for 42 gold pieces
 20118 | Bazaar   | Bought a scroll of vulnerability for 90 gold pieces
 20118 | Bazaar   | Bought a scroll of identify for 24 gold pieces
 20118 | Bazaar   | Bought a scroll of enchant weapon for 90 gold pieces
 20536 | D:15     | Entered Level 15 of the Dungeon
 20685 | D:15     | Reached skill level 18 in Axes
 21789 | D:15     | Found a staircase to the Depths.
 22032 | Orc:1    | Entered Level 1 of the Orcish Mines
 22040 | Orc:1    | Noticed Snorg
 22050 | Orc:1    | Killed Snorg
 22433 | Orc:2    | Entered Level 2 of the Orcish Mines
 22446 | Orc:2    | Noticed Rupert
 22454 | Orc:2    | Noticed an orc warlord
 22455 | Orc:2    | Killed Rupert
 22467 | Orc:2    | Killed an orc warlord
 22509 | Orc:2    | HP: 4/141 [orc warrior/bolt (17)]
 22511 | Orc:2    | HP: 1/141 [orc warrior/bolt (3)]
 22879 | Orc:2    | Noticed Saint Roka
 22898 | Orc:2    | HP: 7/141 [Saint Roka/divine providence (14)]
 22899 | Orc:2    | The Shining One protects you from harm!
 22902 | Orc:2    | Killed Saint Roka
 22902 | Orc:2    | Reached skill level 19 in Axes
 23167 | Orc:2    | Found a staircase to the Elven Halls.
 23195 | Orc:2    | Found Voribeok's Jewellery Boutique.
 23222 | Orc:2    | Found Ynuilo's Assorted Antiques.
 23222 | Orc:2    | Found Riozil's Gadget Emporium.
 23224 | Orc:2    | Found Neiniozi's Assorted Antiques.
 23275 | Orc:2    | Found a flickering gateway to a bazaar.
 23301 | Bazaar   | Entered a bazaar
 23306 | Bazaar   | Found Sacetta's Gadget Shop.
 23341 | Bazaar   | Found Etamomn's Antique Armour Shop.
 23362 | Bazaar   | Bought a phantom mirror for 420 gold pieces
 23793 | Swamp:1  | Entered Level 1 of the Swamp
 25572 | Swamp:2  | Reached XP level 16. HP: 145/149 MP: 25/25
 26182 | Swamp:2  | Reached skill level 20 in Axes
 27314 | Swamp:4  | Entered Level 4 of the Swamp
 27315 | Swamp:4  | Upgraded the game from 0.24-a0-140-gcaa6c10 to
                  | 0.24-a0-160-gfa3a8d6
 27354 | Swamp:4  | Paralysed by a hornet for 2 turns
 27628 | Swamp:4  | Noticed Louise
 27897 | Swamp:4  | Identified the cursed +0 large shield "Neuhiew" {rElec
                  | Str+3 Int+4 Dex-2}
 27908 | Swamp:4  | Killed Louise
 28182 | Swamp:4  | Noticed a thorn hunter
 28204 | Swamp:4  | Killed a thorn hunter
 28780 | Swamp:4  | Noticed a thorn hunter
 28792 | Swamp:4  | Killed a thorn hunter
 29431 | Swamp:4  | Got a decaying rune of Zot
 29696 | D:8      | Bought a scroll of blinking for 217 gold pieces
 29855 | Spider:1 | Entered Level 1 of the Spider Nest
 29933 | Spider:1 | HP: 1/157 [redback (14)]
 29938 | Spider:1 | The Shining One protects you from harm!
 30905 | Spider:1 | Reached XP level 17. HP: 163/163 MP: 26/26
 31578 | Spider:2 | Noticed Asterion
 31587 | Spider:2 | Killed Asterion
 31988 | Spider:2 | Reached skill level 1 in Throwing
 33334 | Spider:3 | Reached skill level 5 in Throwing
 33401 | Spider:3 | Noticed Arachne
 33414 | Spider:3 | Killed Arachne
 33718 | Spider:3 | Noticed Donald
 33744 | Spider:3 | Killed Donald
 33957 | Spider:3 | Noticed Bai Suzhen
 33966 | Spider:3 | Killed Bai Suzhen
 34126 | Spider:4 | Entered Level 4 of the Spider Nest
 36333 | Spider:4 | Reached skill level 10 in Evocations
 37429 | Spider:4 | Got a gossamer rune of Zot
 37881 | Vaults:1 | Entered Level 1 of the Vaults
 37899 | Vaults:1 | Reached XP level 18. HP: 161/172 MP: 27/27
 38303 | Vaults:1 | HP: 6/172 [two-headed ogre/+0 giant club (4)]
 38305 | Vaults:1 | The Shining One protects you from harm!
 39365 | Vaults:1 | Got a slimy platinum ring
 39441 | Vaults:1 | Identified the ring "Arylyika" {+Blink Dex+7 SInv Stlth-}
                  | (You found it on level 1 of the Vaults)
 40069 | Vaults:1 | Reached skill level 15 in Invocations
 40609 | Vaults:1 | Found a large runed translucent door.
 40609 | Vaults:1 | Found a large runed translucent door.
 40609 | Vaults:1 | Noticed Norchuf's ghost (adept MiFi)
 41443 | Vaults:2 | Cast into level 2 of the Abyss (a deep elf sorcerer)
 41448 | Abyss:2  | Found a burning altar of Makhleb.
 41794 | Vaults:2 | Escaped the Abyss
 42952 | Vaults:2 | Hit by a large rock thrown by a stone giant

Levels and vault maps discovered:
D:1:      dpeg_arrival_simpleton_c, layout_basic,
          hangedman_decor_clover_reticule, tso_altar
D:2:      layout_basic, lemuel_coloured_pillars_altar,
          kennysheep_generic_room_5, uniq_terence
D:3:      layout_rooms, yredelemnul_altar_generic
D:4:      layout_basic, serial_shops, shop_scrolls
D:5:      layout_basic, minmay_temple_entry_arrows, first_ration
D:6:      layout_loops_corners, basic_altar, uniq_sigmund, uniq_blork_the_orc
D:7:      layout_layer_cave
D:8:      layout_basic, serial_shops, kennysheep_mini_moat, serial_glass,
          glass_columns_a, glass_columns_b, grunt_livestock
D:9:      layout_cave_pools, due_lair_maze_entry_diamond,
          nrook_guardian_serpent_double, uniq_maurice
D:10:     layout_loops_ring, kennysheep_kite_vault
D:11:     layout_loops_corners, orc_0_dummy, uniq_urug
D:12:     layout_cave_pods, serial_shops, shop
D:13:     layout_rooms, grunt_vaults_entry_tiered, gauntlet_entry_generic
D:14:     layout_cave_pods, chequers_serial_rivers_micro_b, serial_shops,
          bzr_entry_gold, minmay_misc_feat_encased, uniq_kirke
D:15:     grunt_enter_depths_hoard, layout_basic
Lair:1:   layout_big_grid, grunt_megastairs_4
Lair:2:   layout_loops_ring
Lair:3:   regret_index_combs_of_tragedy, layout_misc_corridors,
          minmay_swamp_entry_wisps
Lair:4:   layout_long_grid, nicolae_spider_entry_non_spiders,
          portal_ice_cave_demonic_guard, minmay_lair_oklob_chamber
Lair:5:   layout_long_grid, minmay_slime_entry_eyes, st_stairs_3,
          serial_bayou_pond_e, uniq_nessos
Lair:6:   evilmike_catoblepas_cave, layout_hall_layers
Swamp:1:  layout_basic_swamp, evilmike_swamp_ruin_rubble_2
Swamp:2:  layout_basic_swamp, serial_swamp_ruin, evilmike_swamp_ruin_house_6,
          evilmike_swamp_ruin_house_3, evilmike_swamp_ruin_wall,
          infiniplex_staircase_pool
Swamp:3:  layout_basic_swamp, evilmike_swamp_ruin_house_2,
          infiniplex_staircase_pool_2
Swamp:4:  swamp_basic_johnstein, layout_basic_swamp, swamp_pool2,
          nicolae_swamp_triple_paths, uniq_louise
Spider:1: layout_spider_delve
Spider:2: layout_chambers, uniq_asterion
Spider:3: layout_spider_delve, uniq_arachne, uniq_bai_suzhen, uniq_donald
Spider:4: grunt_spider_rune_parallel
Orc:1:    layout_caves, uniq_snorg
Orc:2:    st_orc_rangers, layout_caves, serial_shops, bzr_firewalk,
          uniq_saint_roka, uniq_rupert
Vaults:1: ebering_vaults_ghost_disaster_area, nicolae_vaults_network_periphery,
          nicolae_vaults_what_the_h, nicolae_vaults_little_squares_3,
          vaults_mumra_minichess_inversion, hangedman_vaults_trim, v_misc_5,
          hangedman_vaults_maws, vaults_room_semicircle, st_cells,
          layout_vaults_omnigrid
Vaults:2: nicolae_vaults_network_barrier, nicolae_vaults_stairing_the_circle,
          sword_in_stone, hangedman_vaults_nails, hangedman_vaults_variations,
          nicolae_vaults_mini_display_case, nicolae_vaults_little_squares_1,
          hangedman_vaults_corner, grunt_vaults_hallway_short,
          layout_vaults_chaotic_city, serial_shops, shop, uniq_mennas,
          uniq_nikola
Abyss:2
Bazaar:   bazaar_jpeg_cross
IceCv:    ice_cave_small_necro
Gauntlet: minmay_gauntlet_77_indecision [minmay_gauntlet_arena_77_mess,
          minmay_gauntlet_arena_77_tiled_triplets,
          minmay_gauntlet_arena_77_squiggly, minmay_gauntlet_arena_77_checkered,
          minmay_gauntlet_arena_77_double_cross,
          minmay_gauntlet_arena_77_braids, gauntlet_exit_watery]

Skill      XL: |  1  2  3  4  5  6  7  8  9 10 11 12 13 14 15 16 17 18 |
---------------+-------------------------------------------------------+-----
Axes           | 4 5 7 8 9 11 14 16 17 19 20 | 20.0
Fighting       | 4 8 10 12 15 18 19 | 19.8
Shields        | 4 |  4.0
Dodging        | 4 6 8 |  8.0
Invocations    | 4 9 12 13 15 | 15.0
Evocations     | 3 6 10 | 10.0
Stealth        | 4 |  4.0
Throwing       | 6 |  6.0

Action                   |  1- 3 |  4- 6 |  7- 9 | 10-12 | 13-15 | 16-18 || total
-------------------------+-------+-------+-------+-------+-------+-------++-------
Melee: Hand axe          |   135 |   156 |    45 |       |       |       ||   336
       Tailslap          |    15 |    15 |    17 |    72 |   158 |   186 ||   463
       War axe           |       |       |   101 |   535 |   669 |       ||  1305
       Great sword       |       |       |       |     4 |    14 |       ||    18
       Battleaxe         |       |       |       |       |   434 |  1150 ||  1584
       Unarmed           |       |       |       |       |     8 |       ||     8
Throw: Stone             |     3 |    12 |       |       |       |       ||    15
       Tomahawk          |       |       |     8 |     4 |     6 |       ||    18
       Javelin           |       |       |       |       |     1 |    13 ||    14
Invok: Summon Divine War |       |       |       |       |     8 |    22 ||    30
       Divine Shield     |       |       |       |       |     2 |    14 ||    16
       Cleansing Flame   |       |       |       |       |     1 |     4 ||     5
 Abil: Evoke Blink       |       |       |       |       |       |     1 ||     1
Evoke: Wand              |       |       |     4 |     8 |     2 |     1 ||    15
  Use: Scroll            |       |    13 |     2 |    13 |    14 |    14 ||    56
       Potion            |       |       |       |     3 |    10 |     2 ||    15
  Eat: Chunk             |     1 |     7 |     7 |    17 |    28 |    33 ||    93
       Ration            |       |       |       |     1 |     5 |     8 ||    14
Armor: Skin              |    59 |    38 |    43 |   128 |   300 |   527 ||  1095
Dodge: Dodged            |   119 |    70 |    57 |   181 |   553 |   798 ||  1778
Block: Other             |       |    21 |       |     1 |   115 |   291 ||   428
       Reflection        |       |     1 |       |     7 |    37 |    17 ||    62
       Buckler           |       |    13 |    42 |   168 |   224 |       ||   447
       Rpst.: Great sword |       |       |       |       |     4 |       ||     4

Table legend:
 A = Non-vault XP
 B = Vault XP
 C = Vault XP percentage of total XP
 D = Non-vault monster count
 E = Vault monster count
 F = Vault count percentage of total count
                 A         B        C        D         E       F
            +---------+---------+-------+---------+---------+-------
      Total |  232329 |  137597 |  37.2 |     890 |     405 |  31.3
            +---------+---------+-------+---------+---------+-------
        D:1 |      37 |       0 |   0.0 |      23 |       0 |   0.0
        D:2 |      75 |      41 |  35.3 |      34 |       4 |  10.5
        D:3 |     147 |       0 |   0.0 |      22 |       0 |   0.0
        D:4 |     197 |       0 |   0.0 |      11 |       0 |   0.0
        D:5 |     467 |       0 |   0.0 |      13 |       0 |   0.0
        D:6 |     556 |     320 |  36.5 |      24 |       2 |   7.7
        D:7 |    1139 |       0 |   0.0 |      28 |       0 |   0.0
        D:8 |    3843 |     971 |  20.2 |      25 |       5 |  16.7
        D:9 |     507 |    2131 |  80.8 |       7 |      13 |  65.0
       D:10 |    2008 |    2062 |  50.7 |      33 |      13 |  28.3
       D:11 |    8730 |     843 |   8.8 |      49 |       1 |   2.0
       D:12 |    5784 |       0 |   0.0 |      34 |       0 |   0.0
       D:13 |    4116 |    7031 |  63.1 |      19 |      25 |  56.8
       D:14 |    3314 |    2724 |  45.1 |      11 |       4 |  26.7
       D:15 |   11088 |    1966 |  15.1 |      42 |       2 |   4.5
     Lair:1 |    3279 |     403 |  10.9 |      11 |       1 |   8.3
     Lair:2 |    8212 |       0 |   0.0 |      31 |       0 |   0.0
     Lair:3 |    4878 |    7114 |  59.3 |      17 |      51 |  75.0
     Lair:4 |    1155 |    2118 |  64.7 |       4 |      13 |  76.5
     Lair:5 |    3391 |    1771 |  34.3 |      13 |       4 |  23.5
     Lair:6 |    5064 |   10880 |  68.2 |      16 |      23 |  59.0
    Swamp:1 |    9718 |       0 |   0.0 |      24 |       0 |   0.0
    Swamp:2 |   14133 |       0 |   0.0 |      26 |       0 |   0.0
    Swamp:3 |   18224 |       0 |   0.0 |      45 |       0 |   0.0
    Swamp:4 |   12549 |   14052 |  52.8 |      36 |      23 |  39.0
   Spider:1 |   15524 |       0 |   0.0 |      49 |       0 |   0.0
   Spider:2 |   14620 |    1533 |   9.5 |      37 |       1 |   2.6
   Spider:3 |   15258 |   11011 |  41.9 |      55 |      10 |  15.4
   Spider:4 |    8669 |   17607 |  67.0 |      25 |      42 |  62.7
      Orc:1 |     836 |    1145 |  57.8 |      10 |       1 |   9.1
      Orc:2 |    3332 |   10085 |  75.2 |      35 |      49 |  58.3
   Vaults:1 |   39116 |   25662 |  39.6 |      57 |      45 |  44.1
   Vaults:2 |    1838 |    4266 |  69.9 |       3 |       5 |  62.5
    Abyss:2 |   10525 |       0 |   0.0 |      21 |       0 |   0.0
      IceCv |       0 |    6727 | 100.0 |       0 |      54 | 100.0
   Gauntlet |       0 |    5134 | 100.0 |       0 |      14 | 100.0
            +---------+---------+-------+---------+---------+-------
